 Dungeon Crawl Stone Soup version 0.29-a0-664-gff9cad4a3d (webtiles) character file.

Game seed: 1819294829361053250

1113 YayAnonymity the Cleaver (level 8, -5/60 HPs)
             Began as a Formicid Fighter on June 23, 2022.
             Killed by divine providence
             ... invoked by an orc priest
              (13 damage)
             ... on level 6 of the Dungeon.
             The game lasted 00:07:07 (5731 turns).

YayAnonymity the Cleaver (Formicid Fighter)         Turns: 5731, Time: 00:07:07

Health: -5/60      AC: 14    Str: 24    XL:     8   Next: 59%
Magic:  8/8        EV:  7    Int:  7    God:
Gold:   322        SH:  5    Dex: 13    Spells: 7/7 levels left

rFire   . . .      SeeInvis +   a - +1 war axe
rCold   + . .      Faith    .   c - +0 buckler
rNeg    . . .      Spirit   .   k - +0 chain mail
rPois   .          Reflect  .   (helmet unavailable)
rElec   .          Harm     .   q - +0 cloak
rCorr   .          Rampage  .   (no gloves)
Will    .....                   (no boots)
Stlth   ..........              (no amulet)
HPRegen 0.20/turn               r - ring of protection from cold
MPRegen 0.11/turn               i - +4 ring of protection

@: no status effects
A: permanent stasis, dig shafts and tunnels, antennae 3, four strong arms
a: Dig, Shaft Self


You were on level 6 of the Dungeon.
You visited 1 branch of the dungeon, and saw 6 of its levels.

You collected 322 gold pieces.

Inventory:

Hand Weapons
 a - a +1 war axe (weapon)
 b - a +1 vorpal dire flail
Missiles
 l - 4 poisoned darts (quivered)
Armour
 c - a +0 buckler (worn)
 k - a +0 chain mail (worn)
 q - a +0 cloak (worn)
Jewellery
 i - a +4 ring of protection (right hand)
 r - a ring of protection from cold (left hand)
Wands
 m - a wand of charming (10)
 s - a wand of polymorph (7)
Potions
 d - 2 potions of might
 e - 2 potions of heal wounds
 f - 2 potions of curing
 g - a potion of haste
 j - a potion of degeneration {unknown}
 n - 2 potions of invisibility {unknown}
 o - a potion of mutation {unknown}
 p - a potion of berserk rage {unknown}
 t - a potion of brilliance {unknown}
 u - 4 potions of lignification


   Skills:
 + Level 3.7 Fighting
 * Level 8.5 Axes
 + Level 3.7 Armour
 - Level 7.0 Shields


You had 7 spell levels left.
You didn't know any spells.
Your spell library contained the following spells:

 Spells                   Type           Power      Damage    Failure   Level
 Foxfire                  Conj/Fire      0%         2x1d4     99%         1
 Conjure Flame            Conj/Fire      0%         6-21      100%        3
 Inner Flame              Hex/Fire       0%         N/A       100%        3
 Flame Wave               Conj/Fire      0%         2d4       100%        4


Dungeon Overview and Level Annotations

Branches:
Dungeon (6/15)
 Temple: D:4-7

Altars:
Fedhas
Gozag
Nemelex Xobeh
Ru
Trog
Uskayaw


Innate Abilities, Weirdness & Mutations

You cannot be hasted, slowed, berserked, paralysed or teleported.
You can dig through walls and to a lower floor.
You have a pair of large antennae on your head. (SInv)
Your four strong arms can wield two-handed weapons with a shield.


Message History

You kill the orc!
You hit the orc wizard but do no damage.
You slash the gnoll! You block the orc's attack.
The gnoll hits you with a +0 spear.
The orc wizard hits you but does no damage.
You hit the orc but do no damage. You hit the orc wizard. You hit the gnoll.
The orc hits you with a +1 trident of protection.
The gnoll hits you but does no damage.
The orc wizard hits you but does no damage.
You slash the orc priest!
The orc priest is severely wounded.
You hit the orc but do no damage. You hit the orc wizard. You hit the gnoll.
The orc hits you with a +1 trident of protection.
* * * LOW HITPOINT WARNING * * *
The orc priest hits you with a +0 flail.
* * * LOW HITPOINT WARNING * * *
The gnoll hits you with a +0 spear.
* * * LOW HITPOINT WARNING * * *
The orc wizard hits you but does no damage.
You barely miss the orc priest.
The orc priest is severely wounded.
You slash the orc wizard!
You kill the orc wizard!
You hit the gnoll.
You kill the gnoll!
You slash the orc!
You kill the orc!
The orc priest hits you but does no damage.
You closely miss the orc priest.
The orc priest is severely wounded.
The orc priest hits you with a +0 flail.
* * * LOW HITPOINT WARNING * * *
You hit the orc priest but do no damage.
The orc priest is severely wounded.
The orc priest misses you.
You barely miss the orc priest.
The orc priest is heavily wounded.
The orc priest calls down the wrath of Beogh upon you.
Beogh smites you!
You die...

#.......####.....#
##......# #<....####.
......### #..........
####...# #........# #
#...# #........# #
#...######...#..# # #
#...............##...
####....####....#)......
................@o...(..
...............)))......
..................###...
####....####.....<..# .
# #.............##.#
#..)#########.# ...
#...# #... ..# #...#
#### .## ##.##


You could see an orc priest.

Vanquished Creatures
  Edmund (D:6)
  An ice beast (D:5)
  An ogre (D:5)
  A phantom (D:4)
  2 necrophages
  A scorpion (D:4)
  The ghost of samgaumpmail the Ruffian, a weakling TrHW (D:3)
  2 hounds
  Ijyb (D:3)
  2 orc wizards
  Natasha (thrice) (D:2)
  Robin (D:3)
  12 gnolls
  7 adders
  A shadow imp (D:5)
  6 worms
  A dart slug (D:1)
  9 orcs
  3 ball pythons
  4 bats
  6 endoplasms
  2 giant cockroaches
  15 goblins
  13 hobgoblins
  6 jackals
  3 kobolds
  4 quokkas
  3 frilled lizards
  2 rats (D:2)
114 creatures vanquished.

Notes
Turn   | Place    | Note
-------+----------+-------------------------------------------
     0 | D:1      | YayAnonymity the Formicid Fighter began the quest for the
                  | Orb.
     0 | D:1      | Reached XP level 1. HP: 18/18 MP: 1/1
   418 | D:1      | Reached XP level 2. HP: 24/24 MP: 2/2
   728 | D:1      | Found a faded altar of an unknown god.
  1087 | D:2      | Reached skill level 3 in Axes
  1087 | D:2      | Reached XP level 3. HP: 29/29 MP: 3/3
  1160 | D:2      | Found a sparkling altar of Nemelex Xobeh.
  1276 | D:1      | Reached XP level 4. HP: 17/35 MP: 4/4
  1503 | D:2      | Reached skill level 5 in Shields
  1727 | D:2      | Reached skill level 4 in Axes
  2031 | D:2      | Reached XP level 5. HP: 41/41 MP: 5/5
  2107 | D:2      | Noticed Natasha
  2115 | D:2      | Killed Natasha
  2357 | D:2      | Noticed Natasha
  2371 | D:2      | Killed Natasha
  2384 | D:2      | Noticed Natasha
  2389 | D:2      | Killed Natasha
  2664 | D:3      | Found a blossoming altar of Fedhas.
  2737 | D:3      | Found a hide-covered altar of Uskayaw.
  2766 | D:3      | Reached XP level 6. HP: 47/47 MP: 6/6
  2884 | D:3      | Noticed Robin
  2891 | D:3      | Killed Robin
  2892 | D:3      | Reached skill level 5 in Axes
  3219 | D:3      | Noticed Ijyb
  3241 | D:3      | Killed Ijyb
  3264 | D:3      | Found an opulent altar of Gozag.
  3423 | D:3      | Found a runed translucent gate.
  3423 | D:3      | Found a runed translucent gate.
  3424 | D:3      | Found a runed translucent gate.
  3426 | D:3      | Noticed samgaumpmail's ghost (weakling TrHW)
  3435 | D:3      | Killed samgaumpmail's ghost
  3629 | D:4      | Reached XP level 7. HP: 38/52 MP: 7/7
  3845 | D:4      | Reached skill level 6 in Axes
  4056 | D:4      | Found a bloodstained altar of Trog.
  4578 | D:5      | Entered Level 5 of the Dungeon
  4681 | D:5      | HP: 2/52 [hobgoblin/+0 scythe (12)]
  5042 | D:5      | Found a sacrificial altar of Ru.
  5053 | D:5      | Reached skill level 7 in Axes
  5246 | D:5      | Reached XP level 8. HP: 56/58 MP: 8/8
  5369 | D:5      | Reached skill level 8 in Axes
  5470 | D:6      | Noticed Edmund
  5483 | D:6      | Killed Edmund
  5731 | D:6      | Killed from afar by an orc priest

Illustrated notes

Levels and vault maps discovered:
D:1:      saegor_arrival_miasma, layout_basic,
          hellmonk_ecumenical_altar_inner_sanctum
D:2:      layout_loops_ring, basic_altar, grunt_ministairs_4, uniq_natasha
D:3:      layout_rooms, mainiacjoe_overflow_tiny_flanked,
          mainiacjoe_overflow_brackets, mainiacjoe_overflow_24_doors,
          ebering_ghost_rock_garden, uniq_ijyb, uniq_robin
D:4:      layout_basic, bloody_trog, minmay_statues_item
D:5:      layout_rooms, lemuel_tele_altar, sigmund_army
D:6:      black_bear_nest_1, layout_loops_cross, lemuel_round_altar,
          st_stairs_2, uniq_edmund

Skill      XL: |  1  2  3  4  5  6  7  8 |
---------------+-------------------------+-----
Axes           | 3 4 5 7 8 |  8.5
Shields        | 5 6 7 |  7.0
Fighting       | |  3.7
Armour         | |  3.7

Action                   |  1- 3 |  4- 6 |  7- 9 || total
-------------------------+-------+-------+-------++-------
Melee: War axe           |    45 |   144 |   134 ||   323
Throw: Dart              |       |       |     2 ||     2
 Abil: Dig               |       |       |     1 ||     1
  Use: Scroll            |       |     9 |     3 ||    12
Armor: Scale mail        |     4 |       |       ||     4
       Chain mail        |    26 |    69 |    77 ||   172
Dodge: Dodged            |    20 |    42 |    53 ||   115
Block: Buckler           |    15 |    40 |    36 ||    91

Table legend: (Time is in decaauts)
 A = Elapsed time spent in this place.
 B = Non-inter-level travel time spent in this place.
 C = Inter-level travel time spent in this place.
 D = Time resting spent in this place.
 E = Time spent auto-exploring this place.
 F = Levels seen in this place.
 G = Mean time per level.
                   A        B        C        D        E       F      G
               +--------+--------+--------+--------+--------+-----+--------+
         Total |   5814 |   5601 |    213 |    796 |   3830 |   6 |  969.0 |
       Dungeon |   5814 |   5601 |    213 |    796 |   3830 |   6 |  969.0 |
               +--------+--------+--------+--------+--------+-----+--------+

Top non-repeatable levels by time:
     D:2: 1600 daAuts
     D:1: 1105 daAuts
     D:4: 1010 daAuts
     D:3: 933 daAuts
     D:5: 851 daAuts
     D:6: 313 daAuts
